 Dungeon Crawl Stone Soup version 0.17.1-3-g152610e (webtiles) character file.

129096 HEYYEYAAE the Spry (level 16, -2/90 HPs)
             Began as a Spriggan Transmuter on Mar 3, 2016.
             Was the Champion of Nemelex Xobeh.
             Killed from afar by a greater naga (44 damage)
             ... with an orb of energy
             ... on level 4 of the Snake Pit on Mar 5, 2016.
             The game lasted 01:46:31 (36371 turns).

HEYYEYAAE the Spry (Spriggan Transmuter)           Turns: 36371, Time: 01:46:31

Health: -2/90      AC: 15    Str: 11    XL:     16   Next: 49%
Magic:  18/34      EV: 32    Int: 20    God:    Nemelex Xobeh [******]
Gold:   629        SH:  7    Dex: 16    Spells: 9 memorised, 8 levels left

rFire  . . .     SeeInvis +     A - +9 hand axe (elec)
rCold  . . .     Clarity  .     g - quicksilver dragon armour
rNeg   . . .     SustAt   .     C - +0 buckler
rPois  +         Gourm    .     w - +2 hat {Int+3}
rElec  .         Spirit   .     R - +0 cloak
rCorr  .         Warding  .     (gloves unavailable)
rMut   .         Stasis   .     (boots unavailable)
MR     +++..                    J - amulet of regeneration
Stlth  +.........               j - +6 ring of evasion
                                f - ring of poison resistance

@: very quick, extremely resistant to hostile enchantments, very unstealthy
A: unfitting armour, see invisible, herbivore 3, speed 3, slow metabolism 2
a: Triple Draw, Deal Four, Stack Five, Renounce Religion


You were on level 4 of the Snake Pit.
You worshipped Nemelex Xobeh.
Nemelex Xobeh was exalted by your worship.
You were full.

You visited 5 branches of the dungeon, and saw 31 of its levels.
You also visited: Labyrinth.

You collected 3205 gold pieces.
You spent 2576 gold pieces at shops.

Inventory:

Hand Weapons
 A - a +9 hand axe of electrocution (weapon)
 F - a +6 flail of protection
Missiles
 I - 114 arrows
Armour
 g - a quicksilver dragon armour (worn)
 r - a +0 troll leather armour
 w - a +2 hat of intelligence (worn)
 C - a +0 buckler (worn)
 R - a +0 cloak (worn)
Jewellery
 f - a ring of poison resistance (left hand)
 j - a +6 ring of evasion (right hand)
 n - an uncursed ring of protection from fire
 H - an uncursed amulet of resist corrosion
 J - an amulet of regeneration (around neck)
 N - an uncursed ring of protection from cold
 T - a +4 ring of strength
Wands
 x - a wand of digging (3)
 L - a wand of paralysis (0)
Scrolls
 a - 6 scrolls of recharging
 b - 3 scrolls of teleportation
 h - 4 scrolls of magic mapping
 q - 2 scrolls of fog
 u - 4 scrolls of immolation
 v - 5 scrolls of remove curse
 G - 3 scrolls of enchant armour
Potions
 e - 3 potions of flight
 i - a potion of lignification
 l - 6 potions of agility
 m - 3 potions of might
 p - 4 potions of magic
 t - 7 potions of curing
 E - 2 potions of haste
 O - a potion of ambrosia
 P - 2 potions of cure mutation
 W - 6 potions of brilliance
Books
 k - a book of Debilitation

   Spells                             Type                      Level
   a - Corona                         Hexes                        1
   b - Slow                           Hexes                        2
   c - Gell's Gravitas                Hexes/Translocation          3
   d - Inner Flame                    Hexes/Fire                   3
   e - Cause Fear                     Hexes                        4
   f - Leda's Liquefaction            Hexes/Earth                  4
Miscellaneous
 c - a legendary deck of escape {drawn: 6}
 o - a stone of tremors
 y - a lamp of fire (inert)
 z - a fan of gales (inert)
 B - 2 phantom mirrors
 D - an ornate deck of escape
 K - an ornate deck of war {drawn: 6}
 M - a lantern of shadows
 U - a legendary deck of war {drawn: 2}
 V - a legendary deck of destruction {drawn: 4}
 X - a phial of floods
Comestibles
 d - 9 bread rations


   Skills:
 * Level 12.6 Fighting
 + Level 8.3 Armour
 + Level 15.0 Dodging
 + Level 3.3 Shields
 + Level 9.1 Unarmed Combat
 + Level 13.1 Spellcasting
 + Level 6.7 Charms
 + Level 13.5 Transmutations
 + Level 13.0 Evocations


You had 8 spell levels left.
You knew the following spells:

 Your Spells              Type           Power        Failure   Level  Hunger
a - Beastly Appendage     Trmt           ######       1%          1    None
b - Sticks to Snakes      Trmt           ######....   1%          2    None
c - Spider Form           Trmt/Pois      #####.....   2%          3    None
d - Blade Hands           Trmt           ######....   1%          5    ####...
e - Corona                Hex            ##.....      17%         1    None
f - Apportation           Tloc           ##........   17%         1    None
g - Haste                 Chrm           #####...     95%         6    #####..
h - Deflect Missiles      Chrm/Air       ####......   100%        6    #####..
i - Discord               Hex            ##........   100%        8    #######


Dungeon Overview and Level Annotations

Branches:
Dungeon (14/15)            Temple (1/1) D:5            Lair (8/8) D:10
 Shoals (0/4) Lair:6        Snake (4/4) Lair:6        Slime (0/6) Lair:8
    Orc (4/4) D:10            Elf (0/3) Orc:3        Vaults (0/5) D:14

Altars:
Ashenzari
Cheibriados
Dithmenos
Elyvilon
Fedhas
Gozag
Kikubaaqudgha
Makhleb
Nemelex Xobeh
Okawaru
Qazlal
Ru
Sif Muna
Trog
Vehumet
Xom
Yredelemnul
Zin
The Shining One
Beogh
Jiyva

Shops:
D:6 *   D:8 !   D:9 *   D:10 :   Orc:3 :   Orc:4 *(}}

Annotations:
D:14 Donald, Norris, Sonja


Innate Abilities, Weirdness & Mutations

You are tiny and cannot use many weapons and most armour.
You have supernaturally acute eyesight.
You are a herbivore.
You cover ground extremely quickly.
You need consume almost no food.


Message History

The greater naga hits you from afar with a spear!
Your adder barely misses the greater naga.
Your water moccasin bites the greater naga.
Your water moccasin closely misses the greater naga.
Your water moccasin bites the greater naga.
Your adder bites the greater naga.
Your adder dies!
Your adder bites the greater naga but does no damage.
Your adder barely misses the greater naga.
Your water moccasin bites the greater naga!
Your adder misses the greater naga.
Your water moccasin bites the greater naga.
The greater naga casts a spell at you.
The orb of energy hits your water moccasin.
Your water moccasin dies!
The orb of energy explodes!
The mystic blast hits your adder.
Your adder dies!
The mystic blast hits you!
You die...
Your body glows with a rainbow of weird colours and disappears.

#.##.##.##.# #####.##.E.##≈≈§NNNN
#.##.##S##.###.s.####.#.#≈≈≈.§N§≈
#.##.##.).###.###.##)...##≈≈S§§≈≈
#.##.###.####)[...##.[...##≈,≈≈≈≈
#..........#.......#......##,≈≈≈≈
####.###...).≈≈≈≈SSS.))..≈≈#,≈≈≈,
####"###...'.≈≈≈≈SN#.....≈≈#,,,,,
....)(##...†.≈≈[≈≈SS.....≈≈#,≈≈≈,
....).##.#.#....@..#......##,≈≈≈≈
...()÷##.####.....##.....##≈,≈≈≈≈
..))..##.####.###.##....##≈≈,≈≈≈≈
.(.().##....##...####.#.#≈≈≈,,,≈≈
......###.##.#####.##...##≈≈≈≈,,,
......'......# #..#.#.#.#≈≈≈≈,≈≈
.....####.##.####.###...##***≈,≈≈
...[### #[#........##...### **,,≈
...<..###'##.####(..##...N#* *,,*


You could see a greater naga, 2 friendly water moccasins and 4 friendly adders.

Vanquished Creatures
  Gastronok (D:8)
  A greater naga (Snake:4)
  An entropy weaver (Lair:8)
  Fannar (Lair:2)
  7 hydras
  9 naga warriors
  A centaur warrior (D:13)
  The ghost of SaintRoka the Carver, a journeyman HEAK of Lugonu (D:10)
  9 anacondas
  A ghost crab (Snake:4)
  A queen ant (Lab)
  6 death yaks
  6 naga sharpshooters
  6 sea snakes (Snake:4)
  An orc sorcerer (Orc:4)
  Pikel (D:6)
  4 mana vipers
  4 naga ritualists
  A hill giant (D:13)
  2 ugly things (D:11)
  A griffon (Lair:5)
  7 salamanders
  36 black mambas
  11 spiny frogs
  8 naga magi
  15 elephants
  A gargoyle (D:13)
  Psyche (D:9)
  2 torpor snails (Lair:3)
  2 centaur skeletons
  7 guardian serpents (Snake:4)
  7 komodo dragons
  A spriggan druid (Lair:8)
  A fire drake (Lair:5)
  2 trolls
  6 polar bears
  2 two-headed ogres
  A troll (shapeshifter) (Snake:2)
  A wind drake (Snake:2)
  3 boulder beetles
  A snapping turtle (Snake:2)
  2 shadows (Lab)
  2 redbacks
  14 blink frogs
  A large abomination (Lair:2)
  A trapdoor spider (Snake:2)
  9 spriggans (Lair:8)
  31 yaks
  The ghost of SaintRoka the Ruffian, an amateur DDTm (D:4)
  3 basilisks
  A deep elf mage (D:9)
  A wyvern (D:9)
  8 hippogriffs
  A steam dragon (D:13)
  2 soldier ants
  2 wargs
  Menkaure (D:7)
  31 nagas
  20 water moccasins
  10 porcupines
  13 wolves (Lair:8)
  6 orc warriors
  2 sky beasts
  A slave (D:6)
  7 black bears
  A wasp (D:12)
  6 necrophages
  2 phantoms (D:7)
  8 centaurs
  8 crocodiles
  9 ogres
  3 big kobolds
  15 giant frogs
  3 scorpions
  A small abomination (Lair:2)
  4 wights (D:9)
  A wasp zombie (D:7)
  7 crimson imps
  5 killer bees (D:7)
  4 lava snakes (Lab)
  4 giant frog zombies
  4 jellies
  3 centaur zombies
  15 orc priests
  20 orc wizards
  3 giant frog skeletons
  6 hounds
  8 iguanas
  7 worker ants
  8 sheep
  A hound zombie (D:7)
  A hound skeleton (D:8)
  Robin (D:4)
  10 gnolls
  28 adders
  31 river rats
  A shadow imp (D:7)
  A worm (D:4)
  4 giant geckos
  106 orcs
  5 bats
  6 giant cockroaches
  19 hobgoblins
  8 jackals
  7 quokkas
  A giant cockroach zombie (D:3)
  2 giant gecko skeletons
  3 giant newts
  17 goblins
  18 kobolds
  A quokka skeleton (D:4)
  3 rats (D:1)
  2 bushes (D:13)
  8 fungi
  11 plants
800 creatures vanquished.

Vanquished Creatures (collateral kills)
  2 greater nagas (Snake:4)
  Aizul (Snake:3)
  Harold (D:11)
  7 naga warriors
  3 hydras
  3 anacondas
  3 death yaks (Lair:5)
  3 orc high priests (Orc:4)
  Urug (Lair:4)
  3 shock serpents
  5 naga sharpshooters
  4 naga ritualists
  2 hill giants
  5 orc knights
  3 sea snakes (Snake:4)
  A harpy (D:10)
  3 mana vipers
  6 salamanders
  3 orc sorcerers
  6 elephants
  6 naga magi
  11 black mambas
  3 guardian serpents
  3 spiny frogs
  A torpor snail (Lair:6)
  A komodo dragon (Lair:7)
  18 nagas
  2 trolls
  A spriggan druid (Lair:8)
  A polar bear (Lair:8)
  Grinder (D:6)
  A two-headed ogre (D:11)
  4 blink frogs
  4 boulder beetles
  A spriggan (Lair:8)
  4 yaks
  A wyvern (Lair:8)
  A hippogriff (Lair:5)
  A human (Snake:3)
  3 wolves (Lair:8)
  2 water moccasins (Lair:4)
  3 ogres
  9 orc warriors
  A necrophage (D:9)
  3 black bears (Lair:8)
  A crocodile (Lair:4)
  A wasp (Lair:8)
  3 centaurs
  A big kobold (D:10)
  A wyvern zombie (D:9)
  The ghost of dearth the Sneak, an amateur SpEn (D:3)
  3 giant frogs
  8 orc wizards
  A giant frog zombie (D:9)
  A jelly (D:9)
  9 orc priests
  An iguana (D:4)
  A worker ant (D:5)
  4 sheep (Lair:2)
  3 gnolls
  5 adders
  9 river rats
  2 shadow imps
  A worm (D:3)
  32 orcs
  A hobgoblin (D:2)
  A bat (D:3)
  4 kobolds
245 creatures vanquished.

Vanquished Creatures (others)
  A spiny frog (Lair:8)
  A komodo dragon (Lair:8)
  A blink frog (Lair:8)
  2 spriggans (Lair:8)
  A basilisk (Lair:7)
  2 wolves (Lair:8)
  2 nagas (Snake:1)
  An orc warrior (Orc:4)
  An ogre (D:7)
  A wasp (Lair:8)
  An ice beast (D:6)
  A scorpion (D:7)
  A killer bee (D:7)
  A crimson imp (D:6)
  An adder (D:7)
  An orc (D:7)
  A quokka (D:7)
  A bat (D:3)
  A bush (D:13)
  19 fungi
  23 plants
64 creatures vanquished.

Grand Total: 1109 creatures vanquished

Notes
Turn   | Place    | Note
--------------------------------------------------------------
     0 | D:1      | HEYYEYAAE the Spriggan Transmuter began the quest for the Orb.
     0 | D:1      | Reached XP level 1. HP: 9/9 MP: 5/5
   103 | D:1      | Reached skill level 1 in Fighting
   534 | D:2      | Reached XP level 2. HP: 8/14 MP: 6/6
   552 | D:2      | Learned a level 2 spell: Sticks to Snakes
   881 | D:2      | Reached XP level 3. HP: 14/18 MP: 6/8
  2014 | D:1      | Learned a level 3 spell: Spider Form
  2434 | D:3      | Reached XP level 4. HP: 19/22 MP: 3/9
  3173 | D:3      | Reached skill level 1 in Armour
  3173 | D:3      | Reached skill level 4 in Dodging
  3173 | D:3      | Reached XP level 5. HP: 22/26 MP: 5/11
  3238 | D:3      | Noticed dearth's ghost (amateur SpEn)
  3453 | D:3      | Found a white marble altar of Elyvilon.
  3770 | D:4      | Noticed SaintRoka's ghost (amateur DDTm)
  3797 | D:5      | Entered Level 5 of the Dungeon
  3855 | D:5      | Noticed an ogre
  3872 | D:5      | Killed an ogre
  3872 | D:5      | Reached XP level 6. HP: 8/32 MP: 8/12
  4163 | D:5      | Reached skill level 1 in Evocations
  4314 | D:5      | Found a staircase to the Ecumenical Temple.
  4330 | Temple   | Entered the Ecumenical Temple
  4432 | Temple   | Became a worshipper of Nemelex Xobeh the Trickster
  4578 | D:5      | Received a gift from Nemelex Xobeh
  4865 | D:5      | Learned a level 5 spell: Blade Hands
  5538 | D:5      | Reached XP level 7. HP: 27/36 MP: 14/14
  5774 | D:4      | Reached * piety under Nemelex Xobeh
  5982 | D:4      | Received a gift from Nemelex Xobeh
  6361 | D:4      | Noticed Robin
  6391 | D:4      | Killed Robin
  6391 | D:4      | Reached skill level 5 in Dodging
  6690 | D:4      | Killed SaintRoka's ghost
  6690 | D:4      | Reached skill level 5 in Transmutations
  6877 | D:3      | Killed dearth's ghost
  7112 | D:6      | Reached skill level 5 in Spellcasting
  7112 | D:6      | Reached XP level 8. HP: 42/42 MP: 12/16
  7158 | D:6      | Found Vanud's General Store.
  7230 | D:6      | Noticed Grinder
  7253 | D:6      | Killed Grinder
  7393 | D:6      | Noticed Pikel
  7428 | D:6      | Killed Pikel
  7428 | D:6      | Reached skill level 6 in Dodging
  7561 | D:6      | Reached ** piety under Nemelex Xobeh
  7869 | D:6      | Received a gift from Nemelex Xobeh
  8373 | D:7      | Reached XP level 9. HP: 36/46 MP: 10/18
  8389 | D:7      | Reached skill level 5 in Fighting
  9061 | D:7      | Noticed Menkaure
  9065 | D:7      | Killed Menkaure
  9405 | D:7      | Found a shimmering altar of Xom.
  9433 | D:7      | Reached skill level 7 in Dodging
  9433 | D:7      | Reached skill level 5 in Evocations
 10133 | D:8      | Found Gucirr's Distillery.
 10148 | D:8      | Bought a potion of heal wounds for 80 gold pieces
 10148 | D:8      | Bought a potion of might for 64 gold pieces
 10583 | D:8      | Noticed Gastronok
 10599 | D:8      | Killed Gastronok
 10599 | D:8      | Reached skill level 8 in Dodging
 10599 | D:8      | Reached skill level 5 in Unarmed Combat
 10599 | D:8      | Reached XP level 10. HP: 35/53 MP: 19/21
 10731 | D:8      | Reached *** piety under Nemelex Xobeh
 11345 | D:9      | Received a gift from Nemelex Xobeh
 11729 | D:9      | Reached skill level 9 in Dodging
 11910 | D:9      | Noticed Psyche
 11921 | D:9      | Killed Psyche
 12097 | D:9      | Found Okkaos's General Store.
 12103 | D:9      | Bought a scroll of enchant armour for 127 gold pieces
 12103 | D:9      | Bought a bread ration for 85 gold pieces
 13137 | D:9      | Found a basalt altar of Yredelemnul.
 13169 | D:10     | Entered Level 10 of the Dungeon
 13189 | D:10     | Found a staircase to the Orcish Mines.
 13211 | D:10     | Noticed a hill giant
 13220 | D:10     | Killed a hill giant
 13266 | D:10     | Received a gift from Nemelex Xobeh
 13723 | D:10     | Noticed a harpy
 13723 | D:10     | a komodo dragon changed into a harpy
 13730 | D:10     | Killed a harpy
 13730 | D:10     | Reached XP level 11. HP: 58/58 MP: 23/23
 13733 | D:10     | Noticed SaintRoka's ghost (journeyman HEAK)
 13765 | D:10     | Killed SaintRoka's ghost
 13814 | D:10     | Found Upapleon's Book Boutique.
 13827 | D:10     | Learned a level 1 spell: Corona
 13829 | D:10     | Learned a level 1 spell: Apportation
 13831 | D:10     | Found a staircase to the Lair.
 13884 | D:11     | Noticed a six-headed hydra
 14012 | D:11     | Found a blossoming altar of Fedhas.
 14015 | D:11     | Noticed a hill giant
 14059 | D:11     | Killed a hill giant
 14494 | D:11     | Reached **** piety under Nemelex Xobeh
 14532 | D:11     | Noticed Harold
 14572 | D:11     | Killed Harold
 14572 | D:11     | Reached skill level 10 in Dodging
 14676 | D:11     | Killed a ten-headed hydra
 14916 | D:11     | Received a gift from Nemelex Xobeh
 15061 | Orc:1    | Entered Level 1 of the Orcish Mines
 15061 | Orc:1    | Found a roughly hewn altar of Beogh.
 15480 | Orc:3    | Found a staircase to the Elven Halls.
 15569 | Orc:3    | Found Athiob's Book Shoppe.
 15706 | Orc:3    | Found a roughly hewn altar of Beogh.
 16034 | Orc:2    | Reached skill level 5 in Armour
 16104 | Orc:2    | Received a gift from Nemelex Xobeh
 16722 | Orc:1    | Received a gift from Nemelex Xobeh
 16927 | Orc:4    | Entered Level 4 of the Orcish Mines
 17379 | Orc:4    | Received a gift from Nemelex Xobeh
 17486 | Orc:4    | Noticed an orc high priest
 17496 | Orc:4    | Killed an orc high priest
 17677 | Orc:4    | Reached XP level 12. HP: 65/65 MP: 21/26
 17727 | Orc:4    | Noticed an orc high priest
 17742 | Orc:4    | Killed an orc high priest
 17745 | Orc:4    | Reached skill level 11 in Dodging
 17773 | Orc:4    | Noticed an orc high priest
 17777 | Orc:4    | Killed an orc high priest
 17785 | Orc:4    | Found Imyforen's General Store.
 17785 | Orc:4    | Found Ettabora's Gadget Shoppe.
 17787 | Orc:4    | Found Xuedotih's Antique Weapon Shop.
 17787 | Orc:4    | Found Uskavaeh's Gadget Shoppe.
 17817 | Orc:4    | Bought a scroll of identify for 30 gold pieces
 17825 | Orc:4    | Bought a fan of gales for 600 gold pieces
 17827 | Orc:4    | Bought a phial of floods for 640 gold pieces
 17829 | Orc:4    | Bought a sack of spiders for 300 gold pieces
 18694 | D:12     | Received a gift from Nemelex Xobeh
 18755 | D:12     | Noticed a five-headed hydra
 18772 | D:12     | Killed a six-headed hydra
 18854 | D:12     | Reached ***** piety under Nemelex Xobeh
 19079 | D:13     | Reached skill level 10 in Transmutations
 19279 | D:13     | Received a gift from Nemelex Xobeh
 19545 | D:13     | Noticed a centaur warrior
 19559 | D:13     | Killed a centaur warrior
 19793 | D:13     | Found a blossoming altar of Fedhas.
 19888 | D:14     | Found a gate to the Vaults.
 19888 | D:14     | Noticed Donald
 19888 | D:14     | Noticed Norris
 19888 | D:14     | Noticed Sonja
 20007 | Lair:1   | Entered Level 1 of the Lair of Beasts
 20035 | Lair:1   | Found a labyrinth entrance.
 20052 | Lab      | Entered a labyrinth
 20259 | Lab      | Received a gift from Nemelex Xobeh
 20478 | Lab      | Noticed a minotaur
 20480 | Lab      | a minotaur changed into a queen ant
 20539 | Lab      | Got an iridescent dagger
 20542 | Lab      | Identified the cursed +1 dagger "Jarrokoe" {drain, Str+2} (You found it in a labyrinth)
 20547 | Lab      | Got a shimmering falchion
 20550 | Lab      | Identified the +7 falchion of Supply {slice, rPois Int-5 Dex+4} (You found it in a labyrinth)
 21228 | Lair:1   | Received a gift from Nemelex Xobeh
 21747 | Lair:2   | Received a gift from Nemelex Xobeh
 21859 | Lair:2   | Noticed Fannar
 21897 | Lair:2   | Reached skill level 12 in Dodging
 21936 | Lair:2   | Killed Fannar
 21936 | Lair:2   | Reached skill level 10 in Spellcasting
 21980 | Lair:2   | Reached XP level 13. HP: 49/70 MP: 25/28
 22242 | Lair:2   | Reached ****** piety under Nemelex Xobeh
 22917 | Lair:3   | Found a snail-covered altar of Cheibriados.
 22938 | Lair:3   | Received a gift from Nemelex Xobeh
 22982 | Lair:3   | Reached skill level 10 in Evocations
 23134 | Lair:3   | Received a gift from Nemelex Xobeh
 23565 | Lair:4   | Noticed Urug
 23572 | Lair:4   | Killed Urug
 23572 | Lair:4   | Reached skill level 10 in Fighting
 24059 | Lair:4   | Got a ripped robe
 24070 | Lair:4   | Identified the +0 robe "Gaomn" {Dex+3} (You found it on level 4 of the Lair of Beasts)
 24093 | Lair:4   | Received a gift from Nemelex Xobeh
 24669 | Lair:5   | Received a gift from Nemelex Xobeh
 25002 | Lair:5   | Received a gift from Nemelex Xobeh
 25786 | Lair:6   | Reached skill level 13 in Dodging
 25823 | Lair:6   | Found a staircase to the Snake Pit.
 25839 | Lair:6   | Received a gift from Nemelex Xobeh
 25924 | Lair:6   | Found a runed door.
 26052 | Lair:6   | Reached XP level 14. HP: 77/77 MP: 30/30
 26153 | Lair:6   | Found a staircase to the Shoals.
 26568 | Lair:6   | Received a gift from Nemelex Xobeh
 27125 | Lair:7   | Received a gift from Nemelex Xobeh
 27148 | Lair:7   | Identified a scroll of acquirement
 27625 | Lair:8   | Entered Level 8 of the Lair of Beasts
 27646 | Lair:8   | Gained mutation: You have a pair of small horns on your head. [potion of mutation]
 27646 | Lair:8   | Gained mutation: Potions and wands are less effective at restoring your health. [potion of mutation]
 27647 | Lair:8   | Lost mutation: You have a pair of small horns on your head. [potion of cure mutation]
 27647 | Lair:8   | Lost mutation: Potions and wands are less effective at restoring your health. [potion of cure mutation]
 27800 | Lair:8   | Received a gift from Nemelex Xobeh
 28713 | Lair:8   | Received a gift from Nemelex Xobeh
 28986 | Lair:8   | Found a viscous altar of Jiyva.
 28987 | Lair:8   | Found a staircase to the Slime Pits.
 29468 | D:10     | Bought a book of Enchantments for 650 gold pieces
 29477 | D:10     | Learned a level 6 spell: Haste
 29484 | D:10     | Learned a level 6 spell: Deflect Missiles
 29493 | D:10     | Learned a level 8 spell: Discord
 29685 | Snake:1  | Entered Level 1 of the Snake Pit
 29894 | Snake:1  | Got an encrusted buckler
 29900 | Snake:1  | Identified the cursed -2 buckler "Fentebluga" {+Fly rPois Dex-5} (You found it on level 1 of the Snake Pit)
 30002 | Snake:1  | Reached XP level 15. HP: 28/83 MP: 32/32
 30157 | Snake:1  | Reached skill level 1 in Charms
 30303 | Snake:1  | Received a gift from Nemelex Xobeh
 30352 | Snake:1  | Reached skill level 1 in Shields
 30957 | Snake:1  | XOM: summons friendly shadow imp
 30997 | Snake:1  | Reached skill level 14 in Dodging
 31612 | Snake:3  | Received a gift from Nemelex Xobeh
 31872 | Snake:3  | Noticed Aizul
 31888 | Snake:3  | Killed Aizul
 32171 | Snake:3  | Received a gift from Nemelex Xobeh
 34086 | Snake:4  | Entered Level 4 of the Snake Pit
 34109 | Snake:4  | Received a gift from Nemelex Xobeh
 34109 | Snake:4  | Noticed a greater naga
 34117 | Snake:4  | Noticed a greater naga
 34563 | Snake:4  | a greater naga changed into a catoblepas
 34571 | Snake:4  | Reached skill level 5 in Charms
 34667 | Snake:4  | a greater naga changed into a death yak
 34731 | Snake:4  | Reached XP level 16. HP: 64/89 MP: 28/33
 34770 | Snake:4  | Noticed a greater naga
 34802 | Snake:4  | Killed a greater naga
 35076 | Snake:4  | Noticed a greater naga
 35087 | Snake:4  | Killed a greater naga
 35954 | Snake:4  | Noticed a greater naga
 35956 | Snake:4  | Noticed a greater naga
 36026 | Snake:4  | Killed a greater naga
 36032 | Snake:4  | Reached skill level 15 in Dodging
 36356 | Snake:4  | Noticed a greater naga
 36371 | Snake:4  | Killed from afar by a greater naga

Action                   |  1- 3 |  4- 6 |  7- 9 | 10-12 | 13-15 | 16-18 || total
-------------------------+-------+-------+-------+-------+-------+-------++-------
Melee: Unarmed           |   125 |    46 |   113 |   120 |   180 |   158 ||   742
       Dagger            |    85 |    33 |   241 |       |       |       ||   359
       Whip              |       |   114 |    53 |       |       |       ||   167
       Trident           |       |    30 |       |       |       |       ||    30
       Quarterstaff      |       |       |    43 |   388 |       |       ||   431
       Hand axe          |       |       |       |   474 |  1100 |    54 ||  1628
 Cast: Beastly Appendage |    16 |       |       |       |       |       ||    16
       Sticks to Snakes  |    12 |    31 |    31 |    84 |   151 |    21 ||   330
       Spider Form       |     1 |     6 |    13 |     4 |       |       ||    24
       Blade Hands       |       |       |     3 |    14 |    18 |    14 ||    49
Invok: Deal Four         |       |       |       |     1 |       |       ||     1
 Abil: End Transformatio |       |     1 |     3 |     3 |     4 |       ||    11
Evoke: Wand              |       |     6 |    24 |    35 |    39 |       ||   104
       Deck              |       |       |    12 |    34 |   100 |     3 ||   149
       Phial of floods   |       |       |       |     1 |     7 |     1 ||     9
       Lamp of fire      |       |       |       |       |     7 |     1 ||     8
       Fan of gales      |       |       |       |       |     4 |     2 ||     6
       Stone of tremors  |       |       |       |       |     4 |     1 ||     5
       Box of beasts     |       |       |       |       |     2 |     6 ||     8
       Sack of spiders   |       |       |       |       |       |    10 ||    10
  Use: Scroll            |     6 |     1 |     3 |    21 |    18 |     1 ||    50
       Potion            |       |     1 |     1 |     1 |    10 |     1 ||    14
 Stab: Sleeping          |     2 |       |     1 |     3 |       |       ||     6
       Distracted        |       |     1 |     1 |     6 |    12 |     3 ||    23
       Confused          |       |       |     1 |     8 |     3 |       ||    12
       Paralysed         |       |       |       |     6 |       |       ||     6
       Held in net/web   |       |       |       |       |       |     1 ||     1
  Eat: Bread ration      |       |     1 |       |     1 |     3 |     1 ||     6
       Pizza             |       |       |     1 |       |     1 |       ||     2
       Fruit             |       |       |     6 |     8 |    11 |     2 ||    27
       Royal jelly       |       |       |       |     1 |     1 |       ||     2
